 Dungeon Crawl Stone Soup version 0.29.1-12-g30fa7ad0bf (webtiles) character file.

Game seed: 16924615285356285614

625 hawla the Firebug (level 8, -6/58 HPs)
             Began as a Meteoran Fire Elementalist on Jan 12, 2023.
             Was an Initiate of Vehumet.
             Mangled by an orc warrior
             ... wielding a +0 glaive
              (22 damage)
             ... on level 7 of the Dungeon.
             The game lasted 00:04:36 (744 turns).

hawla the Firebug (Meteoran Fire Elementalist)       Turns: 744, Time: 00:04:37

Health: -6/58      AC:  3    Str:  9    XL:     8   Next: 5%
Magic:  8/18       EV: 13    Int: 18    God:    Vehumet [......]
Gold:   73         SH:  0    Dex: 16    Spells: 12/19 levels left

rFire   + . .      SeeInvis .   (no weapon)
rCold   . . .      Faith    .   (no shield)
rNeg    . . .      Spirit   .   a - +1 robe
rPois   .          Reflect  .   (no helmet)
rElec   .          Harm     .   (no cloak)
rCorr   .          Rampage  .   (no gloves)
Will    +....                   (no boots)
Stlth   +.........              (no amulet)
HPRegen 0.19/turn               f - ring of protection from fire
MPRegen 0.16/turn               g - ring of flight

@: flying, glowing
A: sense surroundings 1, otherworldly, glowing, explore regen
a: Renounce Religion


You were on level 7 of the Dungeon.
You worshipped Vehumet.
Vehumet was noncommittal.
You visited 2 branches of the dungeon, and saw 6 of its levels.

You collected 73 gold pieces.

Inventory:

Armour
 a - a +1 robe (worn)
Jewellery
 f - a ring of protection from fire (left hand)
 g - a ring of flight (right hand)
Scrolls
 i - a scroll of fog {unknown}
 j - a scroll of identify
 k - a scroll of amnesia {unknown}
Potions
 b - a potion of magic
 c - a potion of heal wounds
 d - a potion of might
 e - a potion of attraction {unknown}


   Skills:
 + Level 0.8 Fighting
 + Level 3.2 Dodging
 - Level 1.4 Stealth
 + Level 6.0 Spellcasting
 + Level 5.4 Conjurations
 + Level 6.0 Fire Magic


You had 12 spell levels left.
You knew the following spells:

 Your Spells              Type           Power      Damage    Failure   Level
a - Foxfire               Conj/Fire      100%       2x1d9     1%          1
b - Scorch                Fire           54%        2d8       1%          2
c - Flame Wave            Conj/Fire      26%        2d8       12%         4

Your spell library contained the following spells:

 Spells                   Type           Power      Damage    Failure   Level
 Conjure Flame            Conj/Fire      26%        6-21      3%          3
 Inner Flame              Hex/Fire       16%        N/A       11%         3


Dungeon Overview and Level Annotations

Branches:
Dungeon (4/15) Zot: 2275   Temple (1/1) D:4 Zot: 573

Altars:
Ashenzari
Cheibriados
Dithmenos
Elyvilon
Fedhas
Gozag
Nemelex Xobeh
Okawaru
Qazlal
Sif Muna
Trog
Vehumet
Wu Jian
Xom
Yredelemnul
Zin
The Shining One


Innate Abilities, Weirdness & Mutations

You passively map a small area around you.
You are easily found by Zot.
You glow in the dark.
You regain HP and MP as you explore.


Message History

(Press . to intensify the flame waves.)
You hear a shout!
The orc warrior hits you from afar with a +0 glaive!
Your Spellcasting skill increases to level 6!
A wave of flame ripples out!
The flame wave engulfs the orc warrior!
The orc warrior is moderately wounded.
The flame wave engulfs the water moccasin!
The water moccasin is heavily wounded.
You hear a shout! x2
The water moccasin bites you! The orc warrior misses you.
A wave of flame ripples out!
The flame wave engulfs the water moccasin!
The water moccasin is severely wounded.
The flame wave engulfs the orc warrior!
The orc warrior is severely wounded.
The flame wave engulfs the orc!
You kill the orc!
Vehumet accepts your kill.
You finish channelling waves of flame.
You hear an angry growl.
You hear a shout!
The water moccasin closely misses you. The orc warrior misses you.
Casting: Flame Wave (dangerous; 12% risk of failure)
Confirm with . or Enter, or press ? or * to list all spells.
Casting: Flame Wave (dangerous; 12% risk of failure)
Press: ? - help, Dir - look around, f - activate A wave of flame ripples out!
The flame wave engulfs the water moccasin.
The water moccasin is almost dead. (Press . to intensify the flame waves.)
You hear a shout!
The water moccasin bites you!
You are poisoned.
The water moccasin poisons you!
An orc comes into view. It is wielding a +0 mace.
The orc warrior hits you from afar with a +0 glaive.
* * * LOW HITPOINT WARNING * * *
You feel better. The water moccasin bites you. x2
* * * LOW HITPOINT WARNING * * *
The orc warrior hits you from afar with a +0 glaive!!
You die...

≈§≈#≈#§§≈..#######
......§§#≈§≈≈#§§.........
,
......§§+≈§_§§§≈..#######
......≈≈+≈>⌠≈#..§§#
........≈§§≈≈#..§.#
,.......§#≈§≈§≈....# ,
.......§≈§§≈......##
........).≈≈.......##
#..S@.o...?)....# *
##o##).....#)...# , * *
#.. ######.#....# * **
,...# * .......# , *
...., * , ........# ,
#....#, *##.#.##..#
#....** * ..... ... #....
*, ,* ###.## >* , * , *


You could see an orc warrior, a water moccasin and an orc.

Vanquished Creatures
  Sigmund (D:3)
  An ogre (D:4)
  2 phantoms (D:4)
  A kobold brigand (D:7)
  2 hounds (D:4)
  Natasha (twice) (D:2)
  4 adders
  A worm (D:2)
  A dart slug (D:4)
  4 orcs
  A ball python (D:4)
  4 giant cockroaches
  2 goblins
  4 hobgoblins
  A quokka (D:3)
  2 bats (D:3)
  2 kobolds (D:7)
  3 rats
38 creatures vanquished.

Vanquished Creatures (others)
  106 foxfires
106 creatures vanquished.

Grand Total: 144 creatures vanquished

Notes
Turn   | Place    | Note
-------+----------+-------------------------------------------
     0 | D:1      | hawla the Meteoran Fire Elementalist began the quest for
                  | the Orb.
     0 | D:1      | Reached XP level 1. HP: 14/14 MP: 5/5
    82 | D:1      | Reached XP level 2. HP: 3/20 MP: 0/7
    85 | D:1      | Learned a level 2 spell: Scorch
   139 | D:2      | Noticed Natasha
   160 | D:2      | Killed Natasha
   161 | D:2      | Reached XP level 3. HP: 25/27 MP: 4/8
   224 | D:2      | Noticed Natasha
   230 | D:2      | Killed Natasha
   231 | D:2      | Reached XP level 4. HP: 13/34 MP: 3/10
   236 | D:2      | Learned a level 4 spell: Flame Wave
   282 | D:3      | Noticed Sigmund
   290 | D:3      | Killed Sigmund
   291 | D:3      | Reached XP level 5. HP: 35/39 MP: 3/11
   291 | D:3      | Reached XP level 6. HP: 42/46 MP: 3/12
   305 | D:3      | Found a glowing golden altar of the Shining One.
   381 | D:3      | Reached skill level 5 in Fire Magic
   506 | D:4      | Reached XP level 7. HP: 45/51 MP: 5/14
   527 | D:4      | Reached skill level 5 in Conjurations
   544 | D:4      | Reached skill level 5 in Spellcasting
   583 | D:4      | Found a staircase to the Ecumenical Temple.
   645 | Temple   | Entered the Ecumenical Temple
   662 | Temple   | Became a worshipper of Vehumet
   691 | D:4      | You are sucked into a shaft and drop 3 floors!
   717 | D:7      | Found a stormy altar of Qazlal.
   731 | D:7      | Reached XP level 8. HP: 55/58 MP: 10/17
   744 | D:7      | Mangled by an orc warrior

Illustrated notes

Levels and vault maps discovered:
D:1:      tarquinn_simple_flora_water_e, layout_basic,
          dreamdust_ecumenical_altar_statues
D:2:      layout_rooms, uniq_natasha
D:3:      corexii_shack_village, layout_rooms,
          mainiacjoe_overflow_surrounded_room,
          nicolae_hepliaklqana_ecumenical_no_more, uniq_sigmund
D:4:      layout_cave_pools, minmay_temple_entry_arrows, st_stairs_7,
          uniq_edmund
D:7:      layout_basic, lemuel_coloured_pillars_altar,
          nicolae_qazlal_general_emergency, nicolae_shop_vocational
Temple:   hellmonk_temple_two_chambers

Skill      XL: |  1  2  3  4  5  6  7  8 |
---------------+-------------------------+-----
Spellcasting   | 3 4 5 6 |  6.0
Fire Magic     | 4 5 6 |  6.0
Conjurations   | 4 5 |  5.4
Dodging        | 3 |  3.2
Fighting       | |  0.8
Stealth        | |  1.4

Action                   |  1- 3 |  4- 6 |  7- 9 || total
-------------------------+-------+-------+-------++-------
Melee: Unarmed           |    10 |       |     3 ||    13
       Punch             |     1 |       |       ||     1
 Cast: Foxfire           |    18 |    20 |    21 ||    59
       Scorch            |     5 |     6 |     9 ||    20
       Flame Wave        |       |       |     3 ||     3
  Use: Potion            |     1 |       |     1 ||     2
       Scroll            |       |     3 |       ||     3
Armor: Robe              |     2 |     1 |     1 ||     4
Dodge: Dodged            |     7 |     3 |    10 ||    20
